 Dungeon Crawl Stone Soup version 0.30-a0-422-g946f4849ff (webtiles) character file.

Game seed: 17153858460066697544

46 cforsyth the Chopper (level 3, -37/34 HPs)
             Began as a Hill Orc Monk on Dec 9, 2022.
             Killed by an exploding Terence (43 damage)
             ... ignited by their inner flame
             ... on level 2 of the Dungeon.
             The game lasted 00:02:40 (1335 turns).

cforsyth the Chopper (Hill Orc Monk)                Turns: 1335, Time: 00:02:40

Health: -37/34     AC:  2    Str: 15    XL:     3   Next: 66%
Magic:  3/3        EV: 12    Int: 10    God:
Gold:   167        SH:  0    Dex: 13    Spells: 2/2 levels left

rFire   . . .      SeeInvis .    o - +1 hand axe (freeze)
rCold   + . .      Faith    .    (no shield)
rNeg    . . .      Spirit   .    b - +0 robe
rPois   .          Reflect  .    (no helmet)
rElec   .          Harm     .    (no cloak)
rCorr   .          Rampage  .    (no gloves)
Will    .....                    (no boots)
Stlth   ++........               (no amulet)
HPRegen 0.25/turn                m - ring of protection from cold
MPRegen 0.08/turn                (no ring)

@: brilliant, flying
A: no striking features
a: no special abilities


You were on level 2 of the Dungeon.
You visited 1 branch of the dungeon, and saw 2 of its levels.

You collected 167 gold pieces.

Inventory:

Hand Weapons
 a - a +0 hand axe
 o - a +1 hand axe of freezing (weapon)
Armour
 b - a +0 robe (worn)
Jewellery
 m - a ring of protection from cold (left hand)
Scrolls
 k - a scroll of silence
 n - a scroll of magic mapping {unknown}
 q - a scroll of fear {unknown}
 r - a scroll of teleportation {unknown}
 s - a scroll of amnesia {unknown}
Potions
 c - a potion of ambrosia
 f - a potion of mutation
 p - a potion of flight


   Skills:
 + Level 4.6 Fighting
 + Level 5.1 Axes
 - Level 2.4 Dodging
 - Level 1.5 Stealth


You had 2 spell levels left.
You didn't know any spells.
Your spell library contained the following spells:

 Spells                   Type           Power      Damage    Failure   Level
 Sublimation of Blood     Necr           0%         N/A       50%         2
 Petrify                  Tmut/Erth      0%         N/A       98%         4
 Irradiate                Conj/Tmut      0%         3d11      100%        5
 Summon Forest            Summ/Tloc      0%         N/A       100%        5
 Summon Mana Viper        Hex/Summ       0%         N/A       100%        5
 Summon Cactus Giant      Summ           0%         N/A       100%        6


Dungeon Overview and Level Annotations

Branches:
Dungeon (2/15)

Altars:

Shops:
D:2 *


Message History

Press: ? - help, v - describe, . - travel
Here: Terence, wielding a +1 short sword of protection and wearing a +0 chain mail (severely wounded)
The floor.
Unknown command.
It was a potion of mutation.
You feel extremely strange.
You feel the urge to shout.
Your urge to shout disappears.
Terence misses you.
It was a potion of flight.
You feel very buoyant.
You fly up into the air.
Terence barely misses you.
Okay, then.
It was a potion of brilliance.
You feel clever all of a sudden. Terence barely misses you.
It was a potion of magic.
Magic courses through your body.
Terence hits you with a +1 short sword of protection!
* * * LOW HITPOINT WARNING * * *
It was a potion of heal wounds.
You feel much better.
Terence hits you with a +1 short sword of protection!
As you read the scroll labelled LEQOVIULOO, it crumbles to dust.
The creatures around you are filled with an inner flame!
It was a scroll of immolation.
Terence closely misses you.
As you read the scroll labelled LUYLOU ZEMUCH, it crumbles to dust.
You hear a loud clanging noise!
It was a scroll of noise.
Terence hits you with a +1 short sword of protection.
As you read the scroll labelled RECUOMMU JIFRO, it crumbles to dust.
It is a scroll of identify.
k - a scroll of silence Terence hits you with a +1 short sword of protection!
* * * LOW HITPOINT WARNING * * *
As you read the scroll labelled MILEUSHENO, it crumbles to dust.
Your body is wracked with pain!
* * * LOW HITPOINT WARNING * * *
Terence convulses!
Flame seeps out of Terence.
It was a scroll of torment.
Terence is engulfed in blazing flames.
Terence explodes!
The fiery explosion engulfs you!!!
Ouch! That really hurt!
You die...

.. .##.###..........#
.. ............>...#
## #.###.........)#
######...#..........#
#........#..........#
#...................#
#........#..........#
#######
#........######.>...#
........ #.....@..#
#.....# .........
#...§○§..# ##.####
......... #...§§§..#
###.#### .........
########## #......#
......... #..(...#
......... #......#
......... #......#
......... #).....#
......... #########
#......#


There were no monsters in sight!

Vanquished Creatures
  Terence (D:2)
  2 adders (D:2)
  A worm (D:2)
  3 endoplasms
  2 giant cockroaches (D:1)
  3 goblins
  2 hobgoblins
  3 jackals (D:1)
  2 kobolds (D:1)
  2 frilled lizards
  3 rats
24 creatures vanquished.

Notes
Turn   | Place    | Note
-------+----------+-------------------------------------------
     0 | D:1      | cforsyth the Hill Orc Monk began the quest for the Orb.
     0 | D:1      | Reached XP level 1. HP: 19/19 MP: 1/1
   243 | D:1      | Reached XP level 2. HP: 27/27 MP: 2/2
   794 | D:2      | Reached XP level 3. HP: 12/34 MP: 3/3
   988 | D:2      | Found Wuhoh's Assorted Antiques.
  1023 | D:2      | Reached skill level 5 in Axes
  1313 | D:2      | Noticed Terence
  1327 | D:2      | Gained mutation: You occasionally shout uncontrollably at
                  | your foes. [potion of mutation]
  1327 | D:2      | Lost mutation: You occasionally shout uncontrollably at
                  | your foes. [potion of mutation]
  1330 | D:2      | HP: 1/34 [Terence/+1 short sword of protection (7)]
  1335 | D:2      | Killed Terence
  1335 | D:2      | Killed by an exploding Terence... ignited by their inner
                  | flame

Illustrated notes

Levels and vault maps discovered:
D:1:      dpeg_arrival_concentric_ovals, layout_loops_ring,
          columned_hall_lemuel, minmay_splitting_lines, minmay_misc_feat_x
D:2:      layout_basic, serial_shops, shop, minmay_tiny_reverse_x, uniq_terence

Skill      XL: |  1  2  3 |
---------------+----------+-----
Fighting       | 4 |  4.6
Axes           | 5 |  5.1
Dodging        | |  2.4
Stealth        | |  1.5

Action                   || total
-------------------------++-------
Melee: Hand axe          ||   106
       Punch             ||     2
  Use: Potion            ||     5
       Scroll            ||     4
 Stab: Sleeping          ||     3
Armor: Robe              ||    14
Dodge: Dodged            ||    47

Table legend: (Time is in decaauts)
 A = Elapsed time spent in this place.
 B = Non-inter-level travel time spent in this place.
 C = Inter-level travel time spent in this place.
 D = Time resting spent in this place.
 E = Time spent auto-exploring this place.
 F = Levels seen in this place.
 G = Mean time per level.
                   A        B        C        D        E       F      G
               +--------+--------+--------+--------+--------+-----+--------+
         Total |   1340 |   1318 |     22 |      0 |   1077 |   2 |  670.0 |
       Dungeon |   1340 |   1318 |     22 |      0 |   1077 |   2 |  670.0 |
               +--------+--------+--------+--------+--------+-----+--------+

Top non-repeatable levels by time:
     D:1: 767 daAuts
     D:2: 573 daAuts
